 Dungeon Crawl Stone Soup version 0.20-a0-2-g2b0e13a (webtiles) character file.

809 JeffiDaFish the Cleaver (level 7, -3/61 HPs)
             Began as a Hill Orc Fighter on Oct 28, 2016.
             Slain by an ogre
             ... wielding a cursed -1 giant club
              (23 damage)
             ... on level 5 of the Dungeon.
             The game lasted 00:08:09 (2491 turns).

JeffiDaFish the Cleaver (Hill Orc Fighter)          Turns: 2491, Time: 00:08:09

Health: -3/61      AC:  7    Str: 21      XL:     7   Next: 92%
Magic:  0/7        EV:  8    Int:  5 (8)  God:
Gold:   201        SH: 11    Dex: 10      Spells: 0 memorised, 6 levels left

rFire  . . .     SeeInvis .     a - +2 war axe
rCold  . . .     Gourm    .     b - +0 scale mail
rNeg   + . .     Faith    .     c - +2 shield
rPois  .         Spirit   +     (helmet restricted)
rElec  .         Reflect  .     (no cloak)
rCorr  .         Harm     .     (no gloves)
MR     .....                    (no boots)
Stlth  ..........               j - amulet of guardian spirit
                                (no ring)
                                h - ring of positive energy

@: very slightly contaminated, drained
A: antennae 1
a: no special abilities


You were on level 5 of the Dungeon.
You were hungry.

You visited 1 branch of the dungeon, and saw 5 of its levels.

You collected 201 gold pieces.

Inventory:

Hand Weapons
 a - a +2 war axe (weapon)
Armour
 b - a +0 scale mail (worn)
 c - a +2 shield (worn)
Jewellery
 h - a ring of positive energy (left hand)
 j - an amulet of guardian spirit (around neck)
Scrolls
 e - a scroll of remove curse
 g - a scroll of identify
 m - a scroll of teleportation
Potions
 d - a potion of might
 i - 3 potions of curing
Comestibles
 f - 3 bread rations
 k - a meat ration
 l - a beef jerky


   Skills:
 + Level 5.4(5.1) Fighting
 + Level 8.4(8.1) Axes
 + Level 4.6(4.3) Armour
 + Level 1.3(1.0) Dodging
 + Level 0.3(0.0) Stealth
 + Level 4.8(4.5) Shields


You had 6 spell levels left.
You didn't know any spells.

Dungeon Overview and Level Annotations

Branches:
Dungeon (5/15)
 Temple: D:4-7

Altars:
Xom


Innate Abilities, Weirdness & Mutations

You have a pair of small antennae on your head.


Message History

You hit Edmund.
Edmund is heavily wounded.
Edmund hits you with a dire flail of draining!
You partially resist.
You feel drained. The ogre closely misses you.
You slice Edmund!!
Edmund is almost dead.
Edmund hits you with a dire flail of draining!
You partially resist.
You feel drained. You block the ogre's attack.
You slash Edmund!
You kill Edmund!
You feel your strength returning.
You barely miss the ogre. The ogre hits you with a giant club!
You hit the ogre but do no damage. You block the ogre's attack.
You hit the ogre.
The ogre is lightly wounded.
You block the ogre's attack.
You hit the ogre.
The ogre is lightly wounded.
The ogre hits you with a giant club!!
You die...

#.....# #......#....
####### #...........
######...........
#.....##........
#.....##........ .
#.....##...##### ...
#..........#...###....
#.........##..........
#.........@O..........
#..............?......
#.....................
#....#.....#...####...
#....#.....#...# ..
#....#.....##### .
#.....# #.....#


You could see an ogre.

Vanquished Creatures
  Grinder (D:4)
  Edmund (D:5)
  2 ogres (D:4)
  A centaur (D:3)
  A howler monkey (D:4)
  Crazy Yiuf (D:4)
  A hound (D:4)
  2 worker ants (D:4)
  2 adders
  An adder skeleton (D:4)
  A worm (D:2)
  3 dart slugs
  4 leopard geckos
  9 orcs
  4 giant cockroaches
  5 goblins
  5 hobgoblins
  4 jackals (D:1)
  5 quokkas
  A ball python skeleton (D:4)
  6 bats
  4 frilled lizards
  7 kobolds
  A rat (D:1)
72 creatures vanquished.

Notes
Turn   | Place    | Note
-------+----------+-------------------------------------------
     0 | D:1      | JeffiDaFish the Hill Orc Fighter began the quest for the Orb.
     0 | D:1      | Reached XP level 1. HP: 19/19 MP: 1/1
    66 | D:1      | Reached XP level 2. HP: 25/27 MP: 2/2
   124 | D:1      | Reached skill level 3 in Axes
   126 | D:1      | Found a shimmering altar of Xom.
   343 | D:1      | Reached XP level 3. HP: 33/33 MP: 3/3
   572 | D:2      | Gained mutation: You have a pair of small antennae on your head. [potion of beneficial mutation]
   718 | D:2      | You fall through a shaft!
   726 | D:3      | Reached XP level 4. HP: 36/40 MP: 4/4
   829 | D:3      | Reached skill level 4 in Axes
  1463 | D:3      | Noticed a centaur
  1473 | D:3      | Killed a centaur
  1473 | D:3      | Reached skill level 5 in Axes
  1473 | D:3      | Reached XP level 5. HP: 25/46 MP: 2/5
  1636 | D:4      | Reached skill level 1 in Dodging
  1637 | D:4      | Reached skill level 6 in Axes
  1637 | D:4      | Reached XP level 6. HP: 44/53 MP: 4/6
  1708 | D:4      | Reached skill level 7 in Axes
  1708 | D:4      | Reached XP level 7. HP: 15/60 MP: 2/7
  2047 | D:4      | Found a runed door.
  2051 | D:4      | Noticed Crazy Yiuf
  2056 | D:4      | Killed Crazy Yiuf
  2056 | D:4      | Reached skill level 5 in Fighting
  2172 | D:4      | Noticed Grinder
  2180 | D:4      | Paralysed by Grinder for 4 turns
  2188 | D:4      | Killed Grinder
  2188 | D:4      | Reached skill level 8 in Axes
  2416 | D:5      | Entered Level 5 of the Dungeon
  2475 | D:5      | Noticed Edmund
  2487 | D:5      | Killed Edmund
  2491 | D:5      | Slain by an ogre

Vault maps used:
D:1:      mrwooster_arrival_arrow, xom_teletrap_fun
D:2:      kennysheep_small_spiral, fedhas_altar_2
D:3:      lemuel_upstairs_altar, hangedman_abyss_or_decor_lesser_grid
D:4:      first_bread, uniq_grinder, uniq_crazy_yiuf_cottage
D:5:      kennysheep_little_box, serial_shops, shop, nicolae_shop_crystal, shop,
          shop, enter_ossuary_4, uniq_pikel, uniq_edmund, uniq_duvessa

Skill      XL: |  1  2  3  4  5  6  7 |
---------------+----------------------+-----
Axes           | 3 5 6 7 8 |  8.4
Fighting       | 4 5 |  5.4
Shields        | 4 |  4.8
Dodging        | 1 |  1.3
Armour         | 4 |  4.6
Stealth        | |  0.3

Action                   |  1- 3 |  4- 6 |  7- 9 || total
-------------------------+-------+-------+-------++-------
Melee: War axe           |   105 |    71 |    40 ||   216
  Use: Scroll            |     4 |     5 |     3 ||    12
       Potion            |     4 |     2 |     3 ||     9
  Eat: Chunk             |       |     3 |     2 ||     5
Armor: Scale mail        |    49 |    25 |     8 ||    82
Dodge: Dodged            |    35 |    16 |     4 ||    55
Block: Shield            |    44 |    47 |    11 ||   102
